 Dungeon Crawl Stone Soup version 0.28-a0-1447-ga5a8893891 (webtiles) character file.

Game seed: 17953179818816831035

12 kae the Ruffian (level 2, -1/23 HPs)
             Began as a Draconian Transmuter on Jan 10, 2022.
             Slain by a kobold (18 damage)
             ... on level 1 of the Dungeon.
             The game lasted 00:00:14 (490 turns).

kae the Ruffian (Draconian Transmuter)               Turns: 490, Time: 00:00:15

Health: -1/23      AC:  4    Str: 12    XL:     2   Next: 20%
Magic:  4/5        EV: 12    Int: 13    God:
Gold:   15         SH:  0    Dex: 11    Spells: 4/5 levels left

rFire   . . .      SeeInvis .   a - +0 dagger (venom)
rCold   . . .      Faith    .   (no shield)
rNeg    . . .      Spirit   .   (armour unavailable)
rPois   .          Reflect  .   (helmet currently unavailable)
rElec   .          Harm     .   (no cloak)
rCorr   .          Rampage  .   (no gloves)
Will    .....                   (boots currently unavailable)
Stlth   +.........              (no amulet)
HPRegen 0.07/turn               (no ring)
MPRegen 0.09/turn               (no ring)

@: appendages
A: horns 2, talons 2, AC +4, unfitting armour, cold-blooded
a: End Transformation


You were on level 1 of the Dungeon.
You had temporarily grown beastly horns and talons.
You visited 1 branch of the dungeon, and saw 1 of its levels.

You collected 15 gold pieces.

Inventory:

Hand Weapons
 a - a +0 dagger of venom (weapon)
Scrolls
 b - a scroll of identify {unknown}


   Skills:
 - Level 1.1 Fighting
 - Level 1.7 Dodging
 - Level 3.0 Unarmed Combat
 + Level 2.2 Spellcasting
 * Level 2.6 Transmutations


You had 4 spell levels left.
You knew the following spells:

 Your Spells              Type           Power      Damage    Failure   Level
a - Beastly Appendage     Tmut           16%        N/A       9%          1

Your spell library contained the following spells:

 Spells                   Type           Power      Damage    Failure   Level
 Wereblood                Tmut           8%         N/A       13%         2
 Passwall                 Tmut/Erth      3%         N/A       22%         2
 Ensorcelled Hibernation  Hex/Ice        2%         N/A       36%         2
 Spider Form              Tmut/Pois      4%         N/A       41%         3
 Swiftness                Air            1%         N/A       58%         3
 Ice Form                 Ice/Tmut       4%         N/A       82%         4


Dungeon Overview and Level Annotations

Branches:
Dungeon (1/15)

Altars:


Innate Abilities, Weirdness & Mutations

You have temporarily grown beastly horns and talons.
Your plain brown scales are hard. (AC +4)
You cannot fit into any form of body armour.
You are cold-blooded and may be slowed by cold attacks.


Message History

Your transformation is almost over.
Your horns disappear.
Your talons disappear.
There is an empty arch of ancient stone here.
Found a stone staircase leading down.
No target in view!
No target in view!
A kobold comes into view.
It is wielding a +0 short sword of distortion.
Found 17 gold pieces.
Casting: Beastly Appendage (safe; 9% risk of failure)
Confirm with . or Enter, or press ? or * to list all spells.
You grow a pair of large bovine horns.
Your feet morph into talons.
The kobold shouts!
You hear a shout! x3
The kobold throws a stone.
The stone completely misses you.
The kobold throws a stone.
The stone closely misses you.
A kobold comes into view. It is wielding a +0 whip.
There are monsters nearby!
A hobgoblin comes into view.
The hobgoblin shouts!
The kobold hits you with a +0 whip.
The hobgoblin moves out of view.
You hit the kobold. Your kick misses the kobold.
The kobold is severely wounded.
A quokka comes into view.
The kobold closely misses you.
There are monsters nearby!
You closely miss the kobold.
Your tail-slap misses the kobold.
The kobold is severely wounded.
The kobold barely misses you.
A goblin comes into view. It is wielding a +0 dagger.
The hobgoblin hits you but does no damage.
The goblin shouts!
You hit the kobold.
You kill the kobold!
The hobgoblin hits you.
There are monsters nearby!
You hit the hobgoblin but do no damage.
The hobgoblin is poisoned.
You claw the hobgoblin. Your headbutt misses the hobgoblin.
The hobgoblin is moderately wounded.
The kobold hits you but does no damage. Space warps horribly around you!!
Ouch! That really hurt!
You die...

...☼♣♣.∩.∩♣.♣§♣## #
#.♣♣.♣∩...∩♣○♣♣. .#
#♣.♣.∩..⌠..∩.♣.♣ ..
#♣.♣∩.......∩♣.♣.# #
#.♣♣..⌠.<)⌠......# .##
#♣♣§∩.......∩.♣♣####....
...♣§∩..⌠..∩♣♣.♣ #....#
..♣♣°♣∩...∩.♣♣.##...#
#.§§♣♣.∩.∩♣.♣.♣.@K.#
#§#8 .♣.♣.♣♣.☼#g#)## .
##.♣♣.♣..§§§.g# .
...☼§§§?r. ...........#
#......$.....
#......$..>...
.............


You could see a quokka, a hobgoblin (very poisoned), a goblin and a kobold.

Vanquished Creatures
  A dart slug (D:1)
  3 bats (D:1)
  2 hobgoblins (D:1)
  A quokka (D:1)
  A ball python (D:1)
  A kobold (D:1)
  A rat (D:1)
10 creatures vanquished.

Notes
Turn   | Place    | Note
-------+----------+-------------------------------------------
     0 | D:1      | kae the Draconian Transmuter began the quest for the Orb.
     0 | D:1      | Reached XP level 1. HP: 16/16 MP: 3/3
   221 | D:1      | Reached XP level 2. HP: 11/23 MP: 3/5
   490 | D:1      | Slain by a kobold

Illustrated notes

Levels and vault maps discovered:
D:1:      heliophobic_arrival_enchanted_forest, layout_rooms,
          minmay_heptomino_w4

Action                   || total
-------------------------++-------
Melee: Dagger            ||    18
       Unarmed           ||    12
       Tailslap          ||     3
       Punch             ||     2
       Kick              ||     2
       Headbutt          ||     1
 Cast: Beastly Appendage ||     7
Armor: Skin              ||     7
Dodge: Dodged            ||    23

Table legend: (Time is in decaauts)
 A = Elapsed time spent in this place.
 B = Non-inter-level travel time spent in this place.
 C = Inter-level travel time spent in this place.
 D = Time resting spent in this place.
 E = Time spent auto-exploring this place.
 F = Levels seen in this place.
 G = Mean time per level.
                   A        B        C        D        E       F      G
               +--------+--------+--------+--------+--------+-----+--------+
         Total |    488 |    488 |      0 |      0 |    400 |   1 |  488.0 |
       Dungeon |    488 |    488 |      0 |      0 |    400 |   1 |  488.0 |
               +--------+--------+--------+--------+--------+-----+--------+

Top non-repeatable levels by time:
     D:1: 488 daAuts
